 Dungeon Crawl Stone Soup version 0.21.1-1-g345015f (webtiles) character file.

32836 kaesh the Grappler (level 13, -6/136 HPs)
             Began as a Troll Monk on Feb 26, 2018.
             Was an Elder of Qazlal.
             Mangled by a spiny frog (15 damage)
             ... on level 5 of the Lair of Beasts.
             The game lasted 00:53:55 (14107 turns).

kaesh the Grappler (Troll Monk)                    Turns: 14107, Time: 00:53:58

Health: -6/136     AC: 12    Str: 29    XL:     13   Next: 33%
Magic:  17/17      EV: 13    Int:  6    God:    Qazlal [****..]
Gold:   938        SH:  0    Dex: 12    Spells: 12/12 levels left

rFire    . . .     SeeInvis .     - Unarmed
rCold    . . .     Gourm    +   o - +1 large shield
rNeg     . . .     Faith    .   t - +1 robe {MR+}
rPois    .         Spirit   .   h - +2 hat
rElec    .         Reflect  +   J - +2 cloak {+Inv}
rCorr    +         Harm     .   (gloves unavailable)
MR       +....                  (boots unavailable)
Stlth    +.........             d - +3 amulet of reflection
HPRegen  0.72/turn              x - ring of resist corrosion
MPRegen  0.15/turn              i - +3 ring of strength

@: confused, lethally poisoned (-6 -> -26), about to teleport, repel missiles
A: large, unfitting armour, claws 3, fangs 1, rugged brown scales 1, fast
metabolism 3, gourmand, regeneration 1, shaggy fur 1, tough skin 2, MP-powered
wands
a: Upheaval, Elemental Force, Renounce Religion, Evoke Invisibility


You were on level 5 of the Lair of Beasts.
You worshipped Qazlal.
Qazlal was greatly pleased with you.
You were very full.

You visited 3 branches of the dungeon, and saw 16 of its levels.
You also visited: Labyrinth.

You collected 938 gold pieces.

Inventory:

Hand Weapons
 I - the +3 trident of Zipec {flame, Stlth+}
   (You found it in a labyrinth)

   It has been specially enchanted to burn those struck by it, causing extra
   injury to most foes and up to half again as much damage against particularly
   susceptible opponents.
   It makes you more stealthy.
Armour
 h - a +2 hat (worn)
 o - a +1 large shield (worn)
 t - a +1 robe of magic resistance (worn)
 J - a +2 cloak of invisibility (worn)
Jewellery
 d - a +3 amulet of reflection (around neck)
 i - a +3 ring of strength (right claw)
 x - a ring of resist corrosion (left claw)
 C - an uncursed ring of flight
Wands
 f - a wand of scattershot (5)
 k - a wand of disintegration (11)
 m - a wand of digging (37)
 w - a wand of polymorph (19)
 y - a wand of enslavement (11)
 z - a wand of flame (19)
 E - a wand of iceblast (9)
 K - a wand of clouds (3)
Scrolls
 j - 2 scrolls of remove curse
 n - 10 scrolls of identify
 q - 6 scrolls of teleportation
 r - 4 scrolls of magic mapping
 u - 2 scrolls of fog
 A - 2 scrolls of enchant armour
 B - a scroll of amnesia
 G - 2 scrolls of blinking
Potions
 c - 2 potions of magic
 e - 3 potions of lignification
 g - 3 potions of curing
 v - a potion of might
 D - a potion of haste
Books
 a - a book of Changes

   Spells                             Type                      Level
   a - Beastly Appendage              Transmutation                1
   b - Sticks to Snakes               Transmutation                2
   c - Spider Form                    Transmutation/Poison         3
   d - Ice Form                       Ice/Transmutation            4
   e - Blade Hands                    Transmutation                5
 l - a book of Maledictions

   Spells                             Type                      Level
   a - Corona                         Hexes                        1
   b - Ensorcelled Hibernation        Hexes/Ice                    2
   c - Confuse                        Hexes                        3
   d - Tukima's Dance                 Hexes                        3
   e - Dazzling Spray                 Conjuration/Hexes            3
 p - a book of Conjurations

   Spells                             Type                      Level
   a - Magic Dart                     Conjuration                  1
   b - Searing Ray                    Conjuration                  2
   c - Dazzling Spray                 Conjuration/Hexes            3
   d - Fulminant Prism                Conjuration/Hexes            4
   e - Force Lance                    Conjuration/Translocation    4
   f - Iskenderun's Mystic Blast      Conjuration                  4
 F - a book of Power

   Spells                             Type                      Level
   a - Iskenderun's Battlesphere      Conjuration/Charms           5
   b - Venom Bolt                     Conjuration/Poison           5
   c - Bolt of Magma                  Conjuration/Fire/Earth       5
   d - Iron Shot                      Conjuration/Earth            6
   e - Orb of Destruction             Conjuration                  7
   f - Spellforged Servitor           Conjuration/Summoning        7
Comestibles
 b - 33 rations


   Skills:
 + Level 9.8 Fighting
 + Level 9.8 Dodging
 - Level 1.0 Stealth
 + Level 8.9 Shields
 + Level 11.5 Unarmed Combat
 + Level 6.7 Invocations


You had 12 spell levels left.
You didn't know any spells.

Dungeon Overview and Level Annotations

Branches:
Dungeon (9/15)             Temple (1/1) D:4            Lair (6/6) D:9
  Swamp (0/4) Lair:4       Spider (0/4) Lair:2          Orc (0/2) D:9
  Slime: Lair:5-6

Altars:
Ashenzari
Cheibriados
Dithmenos
Elyvilon
Fedhas
Gozag
Hepliaklqana
Kikubaaqudgha
Makhleb
Nemelex Xobeh
Okawaru
Qazlal
Ru
Sif Muna
Trog
Uskayaw
Vehumet
Wu Jian
Xom
Yredelemnul
Zin
The Shining One


Innate Abilities, Weirdness & Mutations

You are too large for most types of armour.
You have claws for hands.
Your metabolism is lightning-fast.
You like to eat raw meat.
Your natural rate of healing is unusually fast.
You are covered in fur. (AC +1)
You have very tough skin. (AC +2)
You have very sharp teeth.
You are partially covered in rugged brown scales. (AC +1, +3% HP)
You expend magic power (3 MP) to strengthen your wands.


Message History

* * * LOW HITPOINT WARNING * * *
You are confused.
You feel invigorated.
You feel very sick. The spiny frog barely misses you.
The bullfrog hits you but does no damage.
The crocodile bites you.
* * * LOW HITPOINT WARNING * * *
The water moccasin bites you.
* * * LOW HITPOINT WARNING * * *
You are lethally poisoned!
The water moccasin poisons you!
The polar bear is engulfed in freezing vapours.
The elephant closely misses you.
The elephant trunk-slaps you but does no damage.
The dream sheep bites you.
* * * LOW HITPOINT WARNING * * *
The spiny frog stings you but does no damage.
The spiny frog stings you!
You die...

.######## ###.>### (#.#
###..#'.P#### ..###
####...........#
+.P.####.............##
....#................#
......###............#
.....)# #.#....§h....##
....###
##.....FYF....## ...##
#.....S@F.....# .###
##...§#Yt§.P.## .###
###P.§..##### ...#
#######.....# <.##
#........#.##
P..#######.........##
.'###.#.#.P.........#
...##..............###
.....................#


You could see an elephant, a polar bear, 2 spiny frogs, a water moccasin, a
crocodile, a bullfrog and a dream sheep.

Vanquished Creatures
  Gastronok (D:8)
  Kirke (Lair:4)
  A minotaur (Lab)
  A hydra (Lair:6)
  Harold (Lair:2)
  2 two-headed ogres
  7 death yaks
  An unseen horror (D:8)
  An ugly thing (D:9)
  7 elephants
  2 black mambas
  A rime drake (Lair:4)
  A torpor snail (Lair:2)
  8 spiny frogs
  6 komodo dragons
  4 tyrant leeches
  2 polar bears
  3 trolls
  A slime creature (D:9)
  3 blink frogs (Lair:1)
  5 hippogriffs
  The ghost of derrymb the Magician, an amateur DEWz (D:5)
  A wraith (D:9)
  Grum (D:8)
  14 yaks
  A hungry ghost (D:9)
  2 basilisks
  2 humans (Lair:4)
  A swamp worm (Lair:4)
  3 water moccasins
  Duvessa (D:5)
  5 porcupines
  5 orc warriors
  2 black bears
  A sky beast (D:8)
  An ice beast (D:7)
  2 phantoms
  10 ogres
  10 wolves
  3 centaurs
  8 crocodiles
  21 bullfrogs
  3 scorpions
  Dowan (D:5)
  3 killer bees (D:9)
  2 crimson imps (D:9)
  6 jellies
  4 hounds
  A centaur skeleton (D:8)
  A gnoll shaman (D:8)
  5 orc priests
  3 bullfrog skeletons
  2 iguanas
  Terence (D:3)
  10 orc wizards
  6 worker ants
  2 hound skeletons
  2 worker ant zombies (D:9)
  6 gnolls
  10 adders
  2 shadow imps
  5 oozes (D:8)
  An adder zombie (D:9)
  4 worms
  A dart slug (D:3)
  7 leopard geckos
  28 orcs
  2 ball pythons
  4 giant cockroaches
  5 goblins
  15 hobgoblins
  5 jackals
  9 kobolds
  5 quokkas
  10 bats
  5 frilled lizards
  2 quokka skeletons
  6 rats
  A bush (Lair:2)
  A plant (D:9)
340 creatures vanquished.

Vanquished Creatures (others)
  2 humans
  An orc (D:9)
  A kobold (D:3)
  A bush (Lair:2)
  6 fungi
  4 plants
15 creatures vanquished.

Grand Total: 355 creatures vanquished

Notes
Turn   | Place    | Note
-------+----------+-------------------------------------------
     0 | D:1      | kaesh the Troll Monk began the quest for the Orb.
     0 | D:1      | Reached XP level 1. HP: 22/22 MP: 0/0
    90 | D:1      | Reached XP level 2. HP: 29/29 MP: 1/1
   887 | D:2      | Reached XP level 3. HP: 35/36 MP: 2/2
   920 | D:2      | Found an ancient bone altar of Kikubaaqudgha.
  1093 | D:2      | Reached XP level 4. HP: 37/45 MP: 3/3
  1168 | D:2      | Found a glowing silver altar of Zin.
  1439 | D:3      | Reached skill level 4 in Unarmed Combat
  1569 | D:3      | Reached XP level 5. HP: 52/53 MP: 4/4
  1719 | D:3      | Found a glowing golden altar of the Shining One.
  1747 | D:3      | Noticed Terence
  1756 | D:3      | Killed Terence
  1985 | D:4      | Reached XP level 6. HP: 23/62 MP: 5/5
  2085 | D:4      | Found a staircase to the Ecumenical Temple.
  2146 | Temple   | Entered the Ecumenical Temple
  2354 | Temple   | Became a worshipper of Qazlal Stormbringer
  2354 | Temple   | Reached * piety under Qazlal
  2354 | Temple   | Reached ** piety under Qazlal
  2456 | D:4      | Reached skill level 1 in Shields
  2488 | D:4      | Reached skill level 5 in Unarmed Combat
  2628 | D:4      | Reached XP level 7. HP: 54/70 MP: 6/6
  2846 | D:5      | Entered Level 5 of the Dungeon
  2873 | D:5      | Found an ancient bone altar of Kikubaaqudgha.
  2874 | D:5      | Noticed a human
  2876 | D:5      | Killed a human
  2946 | D:5      | Noticed Dowan
  2958 | D:5      | Noticed Duvessa
  2964 | D:5      | Killed Dowan
  2975 | D:5      | Killed Duvessa
  3179 | D:5      | Found an opulent altar of Gozag.
  3209 | D:5      | Noticed derrymb's ghost (amateur DEWz)
  3217 | D:5      | Killed derrymb's ghost
  3217 | D:5      | Reached XP level 8. HP: 79/79 MP: 7/7
  3331 | D:5      | Reached skill level 5 in Dodging
  3331 | D:5      | Reached skill level 6 in Unarmed Combat
  3526 | D:6      | Reached skill level 5 in Fighting
  3542 | D:6      | Found a burning altar of Makhleb.
  3679 | D:6      | Found a sparkling altar of Nemelex Xobeh.
  4231 | D:7      | Reached *** piety under Qazlal
  4612 | D:7      | Reached XP level 9. HP: 81/89 MP: 8/8
  5021 | D:8      | Noticed Gastronok
  5052 | D:8      | Killed Gastronok
  5052 | D:8      | Reached skill level 5 in Shields
  5052 | D:8      | Reached skill level 7 in Unarmed Combat
  5092 | D:8      | Reached skill level 8 in Unarmed Combat
  5181 | D:8      | Found a radiant altar of Vehumet.
  5214 | D:8      | Reached XP level 10. HP: 100/100 MP: 9/9
  5521 | D:8      | Noticed Grum
  5540 | D:8      | Killed Grum
  5731 | D:8      | Noticed a two-headed ogre
  5739 | D:8      | Killed a two-headed ogre
  5835 | D:8      | Gained mutation: You have very sharp teeth. [potion of mutation]
  5835 | D:8      | Gained mutation: You expend magic power (3 MP) to strengthen your wands. [potion of mutation]
  5835 | D:8      | Gained mutation: You are partially covered in rugged brown scales. (AC +1, +3% HP) [potion of mutation]
  6156 | D:9      | Reached skill level 9 in Unarmed Combat
  6220 | D:9      | Noticed a brown ugly thing
  6233 | D:9      | Killed a brown ugly thing
  6233 | D:9      | Reached skill level 1 in Invocations
  6240 | D:9      | Reached **** piety under Qazlal
  6444 | D:8      | Reached XP level 11. HP: 64/113 MP: 9/11
  6445 | D:8      | Killed an unseen horror
  6750 | D:9      | Found a snail-covered altar of Cheibriados.
  6750 | D:9      | Found a bloodstained altar of Trog.
  6750 | D:9      | Found an iron altar of Okawaru.
  6754 | D:9      | Found a shadowy altar of Dithmenos.
  6946 | D:9      | Found a staircase to the Orcish Mines.
  7049 | D:9      | Noticed a two-headed ogre
  7057 | D:9      | Killed a two-headed ogre
  7379 | D:9      | Found a staircase to the Lair.
  7585 | Lair:1   | Entered Level 1 of the Lair of Beasts
  8534 | Lair:2   | Noticed Harold
  8629 | Lair:2   | Killed Harold
  8629 | Lair:2   | Reached skill level 10 in Unarmed Combat
  8698 | Lair:2   | Got an iridescent demon trident
  8699 | Lair:2   | Identified the cursed +0 demon trident "Hell-Harrower" {freeze, rElec rF+ Int+2} (You found it on level 2 of the Lair of Beasts)
  8782 | Lair:2   | Noticed a death yak
  8795 | Lair:2   | Killed a death yak
  9203 | Lair:2   | Reached XP level 12. HP: 125/125 MP: 14/14
  9219 | Lair:2   | Found a hole to the Spider Nest.
  9711 | Lair:3   | Reached ***** piety under Qazlal
  9739 | Lair:3   | Reached skill level 5 in Invocations
 10462 | Lair:4   | Noticed Kirke
 10549 | Lair:4   | Killed Kirke
 10737 | Lair:4   | Noticed a death yak
 10738 | Lair:4   | Noticed a death yak
 10916 | Lair:4   | Found a labyrinth entrance.
 10926 | Lab      | Entered a labyrinth
 11561 | Lab      | Noticed a minotaur
 11569 | Lab      | Killed a minotaur
 11619 | Lab      | Got a brightly glowing hand crossbow
 11619 | Lab      | Got an ivory trident
 11619 | Lab      | Got a crude plate armour
 11619 | Lab      | Got a pitted plate armour
 11628 | Lair:4   | Identified the +7 hand crossbow of Optimality {speed, +Fly rPois rC- Str+4} (You found it in a labyrinth)
 11630 | Lair:4   | Identified the cursed +3 trident of Zipec {flame, Stlth+} (You found it in a labyrinth)
 12027 | Lair:4   | Reached skill level 11 in Unarmed Combat
 12337 | Lair:4   | Noticed a death yak
 12338 | Lair:4   | Noticed a death yak
 12343 | Lair:4   | Noticed a death yak
 12364 | Lair:4   | Killed a death yak
 12366 | Lair:4   | Noticed a death yak
 12382 | Lair:4   | Killed a death yak
 12383 | Lair:4   | Killed a death yak
 12385 | Lair:4   | Killed a death yak
 12392 | Lair:4   | Killed a death yak
 12392 | Lair:4   | Reached XP level 13. HP: 120/134 MP: 16/16
 12641 | Lair:4   | Found a staircase to the Swamp.
 13798 | Lair:6   | Entered Level 6 of the Lair of Beasts
 14107 | Lair:5   | Mangled by a spiny frog

Skill      XL: |  1  2  3  4  5  6  7  8  9 10 11 12 |
---------------+-------------------------------------+-----
Fighting       | 3 4 5 6 7 8 9 |  9.8
Dodging        | 3 4 5 6 7 8 9 |  9.8
Unarmed Combat | 4 5 6 8 9 10 11 | 11.5
Shields        | 1 2 3 5 6 7 8 |  8.9
Invocations    | 1 4 6 |  6.7
Stealth        | |  1.0

Action                   |  1- 3 |  4- 6 |  7- 9 | 10-12 | 13-15 || total
-------------------------+-------+-------+-------+-------+-------++-------
Melee: Unarmed           |    90 |   161 |   224 |   625 |   107 ||  1207
       Punch             |     1 |     4 |       |       |       ||     5
       Bite              |       |       |       |    90 |     9 ||    99
Invok: Upheaval          |       |       |       |     1 |     3 ||     4
  Use: Scroll            |     3 |     4 |     2 |    10 |     2 ||    21
       Potion            |     2 |     2 |     6 |     7 |     1 ||    18
 Stab: Sleeping          |     1 |       |       |       |       ||     1
  Eat: Chunk             |    15 |    15 |    24 |    54 |    18 ||   126
       Ration            |       |       |       |     3 |       ||     3
Armor: Robe              |    58 |    38 |    23 |    83 |    25 ||   227
Dodge: Dodged            |    70 |    71 |    26 |   104 |    39 ||   310
       Deflected         |       |       |       |     1 |       ||     1
Block: Other             |       |    16 |       |       |       ||    16
       Reflection        |       |     1 |     5 |    12 |     1 ||    19
       Large shield      |       |    48 |   183 |   637 |   143 ||  1011
